Kradschützen Motorcycle Team
Construct Light Support Kompanie
Kradschützen Motorcycle Team
Construct Mechanized Kompanie
Panzerjäger Mechanized Group
254 Reconnaissance Tractor
254 Reconnaissance Tractor
Marder III Tank Destroyer
Marder III Tank Destroyer
Construct Panzerarmee Kommand
Selects Armored Support Battlegroup
Selects Vehicle Awareness
Selects Stuka Anti-tank Loiter
Selects Superior Fire Drills
Walking Stuka Rocket Launcher
Walking Stuka Rocket Launcher